 Dungeon Crawl Stone Soup version 0.30-a0-939-gc8157cb160 (webtiles) character file.

Game seed: 338241267514084721

6553 Morbidden the Poker (level 11, -12/55 HPs)
             Began as a Vine Stalker Fighter on Mar 25, 2023.
             Was an Elder of Cheibriados.
             Mangled by a cane toad (18 damage)
             ... on level 1 of the Lair of Beasts.
             The game lasted 00:10:33 (8472 turns).

Morbidden the Poker (Vine Stalker Fighter)          Turns: 8472, Time: 00:10:34

Health: -12/55     AC: 11    Str: 30    XL:     11   Next: 1%
Magic:  0/19       EV: 14    Int: 22    God:    Cheibriados [****..]
Gold:   667        SH:  6    Dex: 23    Spells: 16/20 levels left

rFire   . . .      SeeInvis .    a - +4 trident (venom)
rCold   . . .      Faith    .    c - +0 buckler
rNeg    . . .      Spirit   +    R - +0 troll leather armour
rPois   .          Reflect  .    (no helmet)
rElec   .          Rampage  .    (no cloak)
rCorr   .                        w - +0 pair of gloves
Will    +....                    H - +0 pair of boots
Stlth   +++                      (no amulet)
HPRegen 1.89/turn                o - +4 ring of protection
MPRegen 0.16/turn                s - ring of wizardry

@: lethally poisoned (-12 -> -12), very slow
A: fangs 3, regeneration 1, magic shield, antimagic bite, no potion heal 2
a: Renounce Religion, Bend Time, Temporal Distortion, Slouch


You were on level 1 of the Lair of Beasts.
You worshipped Cheibriados.
Cheibriados was greatly pleased with you.
You visited 3 branches of the dungeon, and saw 12 of its levels.

You collected 667 gold pieces.

Inventory:

Hand Weapons
 a - a +4 trident of venom (weapon)
Missiles
 r - 16 poisoned darts (quivered)
 A - 5 curare-tipped darts
 C - a throwing net
 D - 6 silver javelins
Armour
 c - a +0 buckler (worn)
 w - a +0 pair of gloves (worn)
 H - a +0 pair of boots (worn)
 Q - +0 acid dragon scales
 R - a +0 troll leather armour (worn)
Jewellery
 o - a +4 ring of protection (left hand)
 s - a ring of wizardry (right hand)
 F - a ring of see invisible
 S - an amulet of the acrobat
Wands
 y - a wand of flame (31)
 O - a wand of iceblast (2)
 P - a wand of light (5)
Scrolls
 g - 2 scrolls of silence {unknown}
 h - 7 scrolls of blinking
 i - a scroll of amnesia {unknown}
 j - 2 scrolls of identify
 k - 3 scrolls of fear
 q - a scroll of immolation {unknown}
 x - 2 scrolls of poison
 z - 2 scrolls of teleportation {unknown}
 B - a scroll of torment {unknown}
 E - 2 scrolls of magic mapping {unknown}
 G - 4 scrolls of fog
 K - a scroll of noise {unknown}
 L - a scroll of enchant armour {unknown}
Potions
 b - 2 potions of attraction {unknown}
 d - 4 potions of might
 e - 4 potions of degeneration {unknown}
 f - a potion of invisibility {unknown}
 l - a potion of magic {unknown}
 m - 5 potions of berserk rage {unknown}
 n - a potion of mutation {unknown}
 p - 2 potions of heal wounds {unknown}
 t - 4 potions of flight {unknown}
 v - 3 potions of lignification {unknown}
 I - 2 potions of haste
 J - 3 potions of curing {unknown}
 M - a potion of brilliance {unknown}
 N - a potion of resistance {unknown}


   Skills:
 * Level 5.1 Fighting
 * Level 7.7 Polearms
 + Level 2.0 Throwing
 * Level 5.6 Armour
 * Level 3.6 Dodging
 * Level 4.7 Stealth
 * Level 5.1 Shields
 * Level 5.1 Spellcasting
 * Level 3.8 Necromancy
 * Level 3.9 Invocations
 * Level 3.2 Evocations


You had 16 spell levels left.
You knew the following spells:

 Your Spells              Type           Power      Damage    Failure   Level
a - Necrotise             Necr           88%        1d8       1%          1
b - Vampiric Draining     Necr           22%        2d7       3%          3

Your spell library contained the following spells:

 Spells                   Type           Power      Damage    Failure   Level
 Frozen Ramparts          Ice            10%        1d2       16%         3
 Portal Projectile        Hex/Tloc       10%        N/A       16%         3
 Tukima's Dance           Hex            5%         N/A       16%         3
 Agony                    Necr           22%        N/A       32%         5
 Ice Form                 Ice/Tmut       5%         N/A       45%         4
 Summon Ice Beast         Ice/Summ       5%         N/A       45%         4
 Blade Hands              Tmut           2%         N/A       80%         5


Dungeon Overview and Level Annotations

Branches:
Dungeon (10/15)            Temple (1/1) D:5            Lair (1/5) D:9
    Orc (0/2) D:9

Altars:
Ashenzari
Cheibriados
Kikubaaqudgha
Makhleb
Nemelex Xobeh
Qazlal
Ru
Sif Muna
Trog
Uskayaw
Vehumet
Xom
The Shining One


Innate Abilities, Weirdness & Mutations

You have razor-sharp teeth.
Your natural rate of healing is unusually fast.
When hurt, damage is shared between your health and your magic reserves.
Your bite disrupts and absorbs the magic of your enemies.
Potions cannot restore your health.


Message History

You feel very sick. The cane toad barely misses you.
Unknown command.
Unknown command.
Unknown command.
Casting: Vampiric Draining (dangerous; 3% risk of failure)
Confirm with . or Enter, or press ? or * to list all spells.
Aiming: Vampiric Draining (dangerous; 3% risk of failure)
Press: ? - help, Shift-Dir - straight line, f/p - cane toad
Aim: a cane toad (heavily wounded)
You draw life force from the cane toad!
You feel life coursing into your body.
You feel very sick. The cane toad barely misses you.
Unknown command.
Unknown command.
Unknown command.
Unknown command.
Casting: Vampiric Draining (dangerous; 3% risk of failure)
Confirm with . or Enter, or press ? or * to list all spells.
Aiming: Vampiric Draining (dangerous; 3% risk of failure)
Press: ? - help, Shift-Dir - straight line, f/p - cane toad
Aim: a cane toad (severely wounded)
You draw life force from the cane toad.
You feel life coursing into your body.
You feel very sick. The cane toad stings you!
Unknown command.
A cane toad is nearby!
You are too injured to fight recklessly!
You are too injured to fight recklessly!
Unknown command.
You barely miss the cane toad.
You bite the cane toad, but do no damage.
The cane toad is severely wounded.
You feel sick. The cane toad stings you!
* * * LOW HITPOINT WARNING * * *
The cane toad misses you.
You hit the cane toad. Your bite misses the cane toad.
The cane toad is severely wounded.
You feel sick. The cane toad stings you!!
You die...

.......#### .
.....P..P..♣ ..
..♣.....~P .♣######
..####P....~♣♣♣..♣....#.
.........♣~~~~♣♣P..P...)
#.......♣~~~~~~.....#
#.....PP..~♣~~@F♣.... .
#......♣..♣~..P.......
..#..#.#.♣P..PP.........
.....#.#......'.........
.......#......#.........
..#..#........#.P.P....#
.....#........#.#......#
..####.#......P.#....#..
.......#........#....#


You could see a cane toad.

Vanquished Creatures
  A komodo dragon (D:9)
  A troll (D:9)
  Prince Ribbit (D:9)
  3 wyverns (D:9)
  2 vampires (D:9)
  13 yaks
  A basilisk (D:9)
  Duvessa (D:7)
  An acid dragon (D:9)
  A water moccasin (D:8)
  An ice beast (D:6)
  A swamp drake (D:9)
  2 sky beasts
  An orc warrior (D:6)
  4 ogres
  5 centaurs
  A phantom (D:3)
  2 kobold brigands
  2 scorpions
  6 bullfrogs
  Dowan (D:7)
  A howler monkey (D:6)
  3 killer bees (D:10)
  2 electric eels (D:9)
  2 hounds
  A jelly (D:4)
  6 orc priests
  3 iguanas
  5 orc wizards
  5 adders
  2 shadow imps
  3 white imps
  A worm (D:3)
  2 dart slugs
  25 orcs
  7 endoplasms
  5 giant cockroaches
  12 goblins
  A hobgoblin (D:3)
  5 jackals
  13 kobolds
  2 quokkas (D:1)
  5 ball pythons
  8 bats
  3 frilled lizards
  12 rats
185 creatures vanquished.

Vanquished Creatures (collateral kills)
  An orc wizard (D:9)
1 creature vanquished.

Grand Total: 186 creatures vanquished

Notes
Turn   | Place    | Note
-------+----------+-------------------------------------------
     0 | D:1      | Morbidden the Vine Stalker Fighter began the quest for the
                  | Orb.
     0 | D:1      | Reached XP level 1. HP: 11/11 MP: 2/2
   170 | D:1      | Reached XP level 2. HP: 16/16 MP: 3/3
   171 | D:1      | Reached skill level 2 in Polearms
   388 | D:1      | Reached XP level 3. HP: 16/19 MP: 4/4
   845 | D:2      | Gained mutation: Your natural rate of healing is unusually
                  | fast. [Vine Stalker growth]
   845 | D:2      | Reached XP level 4. HP: 13/24 MP: 2/6
  1310 | D:3      | Reached skill level 1 in Spellcasting
  1344 | D:3      | Noticed a phantom
  1356 | D:3      | Killed a phantom
  1357 | D:3      | Reached skill level 3 in Polearms
  1357 | D:3      | Reached XP level 5. HP: 26/28 MP: 5/7
  1390 | D:3      | Found a faded altar of an unknown god.
  1963 | D:4      | Reached skill level 1 in Dodging
  2207 | D:4      | Reached XP level 6. HP: 32/32 MP: 9/9
  2692 | D:5      | Entered Level 5 of the Dungeon
  2748 | D:5      | Found a staircase to the Ecumenical Temple.
  2759 | Temple   | Entered the Ecumenical Temple
  2931 | Temple   | Became a worshipper of Cheibriados the Contemplative
  3128 | D:5      | Reached skill level 4 in Polearms
  3265 | D:5      | Reached XP level 7. HP: 15/36 MP: 3/10
  3344 | D:5      | Found a glowing golden altar of the Shining One.
  3714 | D:5      | Reached skill level 1 in Invocations
  4443 | D:6      | Reached * piety under Cheibriados
  4444 | D:6      | Reached skill level 5 in Polearms
  4472 | D:6      | Gained mutation: You have razor-sharp teeth. [Vine Stalker
                  | growth]
  4472 | D:6      | Reached XP level 8. HP: 33/42 MP: 9/12
  4566 | D:6      | Reached skill level 1 in Stealth
  4775 | D:6      | Reached skill level 1 in Evocations
  4777 | D:6      | Learned a level 1 spell: Necrotise
  4933 | D:7      | Reached skill level 6 in Polearms
  4978 | D:7      | Noticed Dowan
  4979 | D:7      | Noticed Duvessa
  4979 | D:7      | You fall into a shaft and drop 3 floors!
  4979 | D:10     | Entered Level 10 of the Dungeon
  5109 | D:10     | Noticed a yak
  5112 | D:10     | Noticed a yak
  5113 | D:10     | Noticed a yak
  5114 | D:10     | Noticed a yak
  5114 | D:10     | Noticed a yak
  5118 | D:10     | Killed a yak
  5126 | D:10     | Killed a yak
  5127 | D:10     | Reached skill level 1 in Necromancy
  5127 | D:10     | Reached XP level 9. HP: 40/45 MP: 14/14
  5134 | D:10     | Reached skill level 1 in Throwing
  5143 | D:10     | Reached ** piety under Cheibriados
  5516 | D:10     | Reached skill level 5 in Armour
  5960 | D:9      | Reached skill level 7 in Polearms
  6038 | D:8      | Reached XP level 10. HP: 51/51 MP: 16/16
  6572 | D:7      | Killed Duvessa
  6576 | D:7      | Killed Dowan
  6598 | D:7      | Found a bloodstained altar of Trog.
  7242 | D:9      | Reached *** piety under Cheibriados
  7284 | D:9      | Noticed Prince Ribbit
  7303 | D:9      | Killed Prince Ribbit
  7308 | D:9      | Learned a level 3 spell: Vampiric Draining
  7897 | D:9      | Reached skill level 5 in Shields
  7971 | D:9      | Reached **** piety under Cheibriados
  7972 | D:9      | Reached skill level 5 in Fighting
  8028 | D:9      | Found a staircase to the Lair.
  8043 | D:9      | Reached skill level 5 in Spellcasting
  8132 | D:9      | Found a staircase to the Orcish Mines.
  8182 | D:9      | Reached XP level 11. HP: 40/55 MP: 12/19
  8398 | Lair:1   | Entered Level 1 of the Lair of Beasts
  8472 | Lair:1   | Mangled by a cane toad

Illustrated notes

Levels and vault maps discovered:
D:1:      nagdon_arrival_zigzag_paths, layout_basic
D:2:      layout_rooms, minmay_rat_gold_closets
D:3:      layout_loops_ring, dilly_ecumenical_altar_fadedgnrine
D:4:      layout_loops_corners
D:5:      layout_layer_cave, nicolae_tso_swordbearing_angel,
          minmay_temple_entry_grid, hex_tiny, hangedman_abyss_or_decor_passed,
          kennysheep_generic_room_13
D:6:      layout_basic, due_unseen_surprise
D:7:      layout_cave_pools, lightli_temple_of_fire, serial_park_tiny_2,
          minmay_hedge_maze, uniq_duvessa
D:8:      layout_loops_corners
D:9:      layout_basic, erik_lair_dragon, minmay_orc_entry_temple_small,
          ebering_dispersal_statue_hall, minivault_14, uniq_prince_ribbit1
D:10:     layout_loops_ring
Temple:   mainiacjoe_temple_cubbyholes
Lair:1:   layout_chaotic_city, serial_bayou, serial_bayou_crossing,
          serial_bayou_pond_a, serial_bayou_lagoon_b, serial_bayou_shore_a

Skill      XL: |  1  2  3  4  5  6  7  8  9 10 11 |
---------------+----------------------------------+-----
Polearms       | 2 3 4 5 6 7 |  7.7
Fighting       | 3 4 5 |  5.1
Shields        | 3 4 5 |  5.1
Spellcasting   | 1 2 3 5 |  5.1
Dodging        | 1 2 3 |  3.6
Armour         | 3 4 5 |  5.6
Invocations    | 1 2 3 |  3.9
Stealth        | 2 3 4 |  4.7
Evocations     | 1 2 3 |  3.2
Necromancy     | 1 2 3 |  3.8
Throwing       | 1 2 |  2.0

Action                     |  1- 3 |  4- 6 |  7- 9 | 10-12 || total
---------------------------+-------+-------+-------+-------++-------
  Melee: Trident           |    86 |   158 |   211 |   173 ||   628
         Bite              |    12 |    26 |    62 |    52 ||   152
  Throw: Dart              |       |       |    17 |    31 ||    48
   Cast: Necrotise         |       |       |       |    24 ||    24
         Vampiric Draining |       |       |       |     9 ||     9
  Evoke: Wand              |       |       |       |    12 ||    12
    Use: Scroll            |       |       |       |     7 ||     7
   Stab: Sleeping          |       |       |       |     3 ||     3
 Armour: Scale mail        |    31 |    65 |    23 |       ||   119
         Chain mail        |       |       |    61 |    25 ||    86
         Troll leather arm |       |       |       |    16 ||    16
         Acid dragon scale |       |       |       |    10 ||    10
  Dodge: Dodged            |    20 |    69 |    81 |    63 ||   233
  Block: Buckler           |    13 |    32 |    43 |    45 ||   133

Table legend: (Time is in decaauts)
 A = Elapsed time spent in this place.
 B = Non-inter-level travel time spent in this place.
 C = Inter-level travel time spent in this place.
 D = Time resting spent in this place.
 E = Time spent auto-exploring this place.
 F = Levels seen in this place.
 G = Mean time per level.
                   A        B        C        D        E       F      G
               +--------+--------+--------+--------+--------+-----+--------+
         Total |  10412 |   9805 |    607 |    513 |   7738 |  12 |  867.7 |
       Dungeon |  10016 |   9522 |    494 |    513 |   7496 |  10 | 1001.6 |
        Temple |    285 |    173 |    112 |      0 |    161 |   1 |  285.0 |
          Lair |    110 |    110 |      0 |      0 |     80 |   1 |  110.0 |
               +--------+--------+--------+--------+--------+-----+--------+

Top non-repeatable levels by time:
     D:9: 1772 daAuts
     D:5: 1701 daAuts
    D:10: 1263 daAuts
     D:8: 1153 daAuts
     D:4: 821 daAuts
     D:7: 725 daAuts
     D:3: 703 daAuts
     D:6: 665 daAuts
     D:2: 635 daAuts
     D:1: 575 daAuts
  Temple: 285 daAuts
  Lair:1: 110 daAuts
